Kings vs Panthers

Created - 8 mars 2018 at 16:33

Goals
1 2 3 T
Kings 0 0 0 0
Panthers 2 2 1 5
Shots
1 2 3 T
Kings 13 7 8 28
Panthers 12 12 7 31

1st period

1. Panthers , J.T. Miller 27 (Tomas Plekanec 23, Andrew Ladd 17) at 13:43
2. Panthers , Mats Zuccarello 20 (Taylor Hall 29, Nick Schultz 6) at 17:23

Penalties :
Ryan Kesler (LAK) for Interference (Minor) at 19:54

2nd period

3. Panthers , Alec Martinez 6 (Tomas Plekanec 24, Ales Hemsky 11) at 8:01 (PP)
4. Panthers , Mats Zuccarello 21 (Taylor Hall 30, Matt Greene 5) at 11:49

Penalties :
Michael Del Zotto (LAK) for Charging (Minor) at 7:26, Ryan Kesler (LAK) for Hooking (Minor) at 12:32

3rd period

5. Panthers , Mats Zuccarello 22 (J.T. Miller 29, Taylor Hall 31) at 17:46 (PP)

Penalties :
Cam Fowler (LAK) for High sticking (Minor) at 1:37, Ryan Kesler (LAK) for Boarding (Minor) at 7:48, Anze Kopitar (LAK) for Roughing (Minor) at 17:32

Goalie Stats

Ryan Miller (LAK), 26 saves from 31 shots - (0,839), L, 23-22-4, 60:00 minutes
Pekka Rinne (FLA), 28 saves from 28 shots - (1,000), W, 20-16-2, 60:00 minutes

Players Stats for Kings

Player Name              G  A  P  +/- PIM S  H  SB GA TA FO     MP     PP MP  PK MP  
------------------------------------------------------------------------------------
Alex Ovechkin            0  0  0   0  0   3  1  0  0  0  0/2    18:57   0:00   1:42 
Anze Kopitar             0  0  0   0  2   3  1  1  1  0  11/24  17:39   0:00   0:27 
Artem Anisimov           0  0  0  -1  0   0  1  0  0  0  0/1    16:18   0:00   0:00 
Brian Dumoulin           0  0  0  -1  0   1  2  0  1  0  0/0    18:54   0:00   4:01 
Cam Fowler               0  0  0   0  2   1  0  1  1  0  0/0    19:16   0:00   0:00 
Danny DeKeyser           0  0  0   0  0   2  1  1  0  0  0/0    24:24   0:00   4:44 
Jason Zucker             0  0  0  -1  0   1  0  2  0  0  0/0    15:54   0:00   5:08 
Jon Merrill              0  0  0  -1  0   1  0  0  0  0  0/0     6:36   0:00   0:00 
Justin Schultz           0  0  0  -2  0   2  0  2  1  0  0/0    16:42   0:00   0:00 
Luke Schenn              0  0  0  -2  0   1  3  2  0  2  0/0    21:53   0:00   4:44 
Magnus Paajarvi          0  0  0  -1  0   0  1  1  2  0  1/1     8:51   0:00   1:55 
Mathieu Perreault        0  0  0  -1  0   5  2  0  0  1  1/1    16:33   0:00   0:00 
Michael Del Zotto        0  0  0  -1  2   0  2  1  0  1  0/0    18:53   0:00   4:01 
Oliver Bjorkstrand       0  0  0  -1  0   3  0  0  0  0  0/0    10:44   0:00   0:00 
Ryan Kesler              0  0  0  -1  6   2  2  0  1  0  5/6    16:39   0:00   0:00 
Thomas Vanek             0  0  0   0  0   1  1  0  0  0  1/1    16:54   0:00   0:00 
Tomas Hertl              0  0  0  -1  0   1  4  1  0  0  9/16   15:58   0:00   5:14 
William Karlsson         0  0  0  -1  0   1  0  1  0  0  2/3    10:04   0:00   3:04 

Players Stats for Panthers

Player Name              G  A  P  +/- PIM S  H  SB GA TA FO     MP     PP MP  PK MP  
------------------------------------------------------------------------------------
Adam McQuaid             0  0  0   0  0   0  4  0  0  1  0/0    20:04   3:24   0:00 
Alec Martinez            1  0  1   0  0   3  2  1  0  0  0/0    26:07   5:21   0:00 
Ales Hemsky              0  1  1   0  0   3  0  0  0  1  0/0    16:33   4:04   0:00 
Andrew Ladd              0  1  1   1  0   4  2  0  0  1  0/1    17:23   4:04   0:00 
Brian Campbell           0  0  0   3  0   0  1  0  0  0  0/0    13:49   0:00   0:00 
Devante Smith-Pelly      0  0  0   0  0   1  0  0  1  0  0/0     8:44   0:04   0:00 
J.T. Miller              1  1  2   1  0   4  0  0  1  1  4/9    18:00   4:37   0:00 
Jannik Hansen            0  0  0   0  0   0  0  0  1  0  0/0     8:09   0:03   0:00 
Jay Bouwmeester          0  0  0   0  0   0  1  2  0  0  0/0    22:27   5:21   0:00 
Josh Jooris              0  0  0   0  0   0  1  0  0  0  0/1     8:26   0:04   0:00 
Kyle Brodziak            0  0  0   0  0   0  2  0  0  1  2/9    12:47   0:00   0:00 
Martin Hanzal            0  0  0   2  0   1  2  0  0  0  10/18  16:43   0:00   0:00 
Mats Zuccarello          3  0  3   2  0   7  1  0  0  0  1/4    21:24   4:37   0:00 
Matt Greene              0  1  1   0  0   0  3  2  0  0  0/0    20:09   0:00   0:00 
Matt Moulson             0  0  0   0  0   2  1  1  0  1  0/0    12:47   0:00   0:00 
Nick Schultz             0  1  1   3  0   0  0  2  0  1  0/0    17:24   3:24   0:00 
Taylor Hall              0  3  3   2  0   2  0  0  1  0  0/0    21:41   4:38   0:00 
Tomas Plekanec           0  2  2   1  0   4  1  0  0  0  8/13   17:23   4:04   0:00 

3 Stars

1 - Mats Zuccarello (FLA)
2 - Pekka Rinne (FLA)
3 - Taylor Hall (FLA)

Power Play

Kings - 0 on 0 Attempt(s) - 0,00%
Panthers - 2 on 6 Attempt(s) - 33,33%

Penalty Kill

Kings - 4 on 6 Attempt(s) - 66,67% - Score 0 goal in Penalty Kill
Panthers - 0 on 0 Attempt(s) - 0,00% - Score 0 goal in Penalty Kill

Team Stat

Kings - Hits : 21 - Faceoff Wins : 30 - Blocked Shots : 13 - Penalty Minutes : 12
Panthers - Hits : 21 - Faceoff Wins : 25 - Blocked Shots : 8 - Penalty Minutes : 0

Official

Referees : Trevor Hanson and Greg Kimmerly
Linesman : Andy McElman and Vaughan Rody

Game Notes

Mats Zuccarello has scored a Hat Trick!

Finance

Level 1 -- Attendance: 4351 (72,52%) -- Ticket Income 435 100 $
Level 2 -- Attendance: 5000 (100,00%) -- Ticket Income 300 000 $
Level 3 -- Attendance: 2000 (100,00%) -- Ticket Income 70 000 $
Level 4 -- Attendance: 4000 (100,00%) -- Ticket Income 80 000 $
Luxury Box -- Attendance: 766 (76,60%) -- Ticket Income 153 200 $
Game was played at the Sunrise Arena.
Total Attendance: 16117 (89,54%)
Total Ticket Income: 1 038 300 $
Other Income: 508 767 $
Total Income: 1 547 067 $

Kings

5 vs 5 Forward 
   Center                   Left Wing                Right Wing               Time % Phy DF OF 
 1 Anze Kopitar             Alex Ovechkin            Thomas Vanek             36     0   2  3  
 2 Ryan Kesler              Artem Anisimov           Mathieu Perreault        33     0   2  3  
 3 Tomas Hertl              Jason Zucker             Oliver Bjorkstrand       23     0   2  3  
 4 William Karlsson         Magnus Paajarvi          Jon Merrill              8      1   2  2  

5 vs 5 Defense 
   Defense                  Defense                                           Time % Phy DF OF 
 1 Cam Fowler               Danny DeKeyser                                    38     1   3  1  
 2 Justin Schultz           Luke Schenn                                       33     1   3  1  
 3 Michael Del Zotto        Brian Dumoulin                                    29     1   3  1  
 4 Cam Fowler               Danny DeKeyser                                    0      1   3  1  

PowerPlay Forward 
   Center                   Left Wing                Right Wing               Time % Phy DF OF 
 1 Anze Kopitar             Alex Ovechkin            Thomas Vanek             55     0   1  4  
 2 Ryan Kesler              Artem Anisimov           Mathieu Perreault        45     0   1  4  

PowerPlay Defense
   Defense                  Defense                                           Time % Phy DF OF 
 1 Cam Fowler               Justin Schultz                                    55     1   1  3  
 2 Michael Del Zotto        Tomas Hertl                                       45     1   1  3  

Penalty Kill 4 Players Forward 
   Center                   Wing                     Time % Phy DF OF 
 1 Tomas Hertl              Jason Zucker             60     1   4  0  
 2 William Karlsson         Magnus Paajarvi          40     1   4  0  

Penalty Kill 4 Players Defense
   Defense                  Defense                  Time % Phy DF OF 
 1 Luke Schenn              Danny DeKeyser           60     1   4  0  
 2 Michael Del Zotto        Brian Dumoulin           40     1   4  0  

Penalty Kill - 3 Players Forward 
   Forward                                           Time % Phy DF OF 
 1 Ryan Kesler                                       60     1   4  0  
 2 Tomas Hertl                                       40     1   4  0  

Penalty Kill - 3 Players Defense
   Defense                  Defense                  Time % Phy DF OF 
 1 Cam Fowler               Danny DeKeyser           60     1   4  0  
 2 Luke Schenn              Jon Merrill              40     1   4  0  

4 vs 4 Forward 
   Center                   Wing                     Time % Phy DF OF 
 1 Anze Kopitar             Alex Ovechkin            55     0   2  3  
 2 Ryan Kesler              Artem Anisimov           45     1   2  2  

4 vs 4 Defense
   Defense                  Defense                  Time % Phy DF OF 
 1 Cam Fowler               Danny DeKeyser           55     1   2  2  
 2 Justin Schultz           Luke Schenn              45     1   2  2  

Last Minutes Offensive
   Center                   Left Wing                Right Wing               Defense                  Defense                  
   Anze Kopitar             Alex Ovechkin            Thomas Vanek             Cam Fowler               Justin Schultz           

Last Minutes Defensive
   Center                   Left Wing                Right Wing               Defense                  Defense                  
   Ryan Kesler              Anze Kopitar             William Karlsson         Cam Fowler               Danny DeKeyser           

Goaltenders
Starting : Ryan Miller              
Backup : Alex Stalock             

Extra Forwards
Normal : Tomas Hertl, Mathieu Perreault, William Karlsson - PP : Tomas Hertl, William Karlsson - PK : Tomas Hertl
Extra Defensemen
Normal : Justin Schultz, Brian Dumoulin, Cam Fowler - PP : Danny DeKeyser - PK : Jon Merrill, Cam Fowler
Penalty Shots
Thomas Vanek, William Karlsson, Anze Kopitar, Alex Ovechkin, Artem Anisimov
Custom OT Lines Forwards
Alex Ovechkin, Ryan Kesler, Artem Anisimov, Anze Kopitar, Thomas Vanek, Jason Zucker, Mathieu Perreault, Tomas Hertl, Magnus Paajarvi, William Karlsson
Custom OT Lines Defensemen
Justin Schultz, Cam Fowler, Brian Dumoulin, Michael Del Zotto, Danny DeKeyser

Scratches
Semyon Varlamov (Healthy)

Panthers

5 vs 5 Forward 
   Center                   Left Wing                Right Wing               Time % Phy DF OF 
 1 Martin Hanzal            Taylor Hall              Mats Zuccarello          35     0   3  2  
 2 Tomas Plekanec           Andrew Ladd              J.T. Miller              28     0   4  1  
 3 Kyle Brodziak            Matt Moulson             Ales Hemsky              27     0   5  0  
 4 Josh Jooris              Devante Smith-Pelly      Jannik Hansen            10     0   5  0  

5 vs 5 Defense 
   Defense                  Defense                                           Time % Phy DF OF 
 1 Alec Martinez            Jay Bouwmeester                                   35     0   5  0  
 2 Matt Greene              Adam McQuaid                                      30     0   5  0  
 3 Brian Campbell           Nick Schultz                                      20     0   5  0  
 4 Alec Martinez            Matt Greene                                       15     1   4  0  

PowerPlay Forward 
   Center                   Left Wing                Right Wing               Time % Phy DF OF 
 1 J.T. Miller              Taylor Hall              Mats Zuccarello          60     0   0  5  
 2 Tomas Plekanec           Andrew Ladd              Ales Hemsky              40     0   0  5  

PowerPlay Defense
   Defense                  Defense                                           Time % Phy DF OF 
 1 Alec Martinez            Jay Bouwmeester                                   60     0   2  3  
 2 Nick Schultz             Adam McQuaid                                      40     0   3  2  

Penalty Kill 4 Players Forward 
   Center                   Wing                     Time % Phy DF OF 
 1 Kyle Brodziak            Martin Hanzal            60     0   5  0  
 2 Josh Jooris              Devante Smith-Pelly      40     0   5  0  

Penalty Kill 4 Players Defense
   Defense                  Defense                  Time % Phy DF OF 
 1 Adam McQuaid             Jay Bouwmeester          60     0   5  0  
 2 Nick Schultz             Alec Martinez            40     0   5  0  

Penalty Kill - 3 Players Forward 
   Forward                                           Time % Phy DF OF 
 1 Tomas Plekanec                                    60     0   5  0  
 2 Martin Hanzal                                     40     0   5  0  

Penalty Kill - 3 Players Defense
   Defense                  Defense                  Time % Phy DF OF 
 1 Matt Greene              Alec Martinez            60     0   5  0  
 2 Nick Schultz             Adam McQuaid             40     0   5  0  

4 vs 4 Forward 
   Center                   Wing                     Time % Phy DF OF 
 1 Martin Hanzal            Mats Zuccarello          60     0   2  3  
 2 Tomas Plekanec           Taylor Hall              40     0   3  2  

4 vs 4 Defense
   Defense                  Defense                  Time % Phy DF OF 
 1 Jay Bouwmeester          Adam McQuaid             60     0   5  0  
 2 Nick Schultz             Alec Martinez            40     0   5  0  

Last Minutes Offensive
   Center                   Left Wing                Right Wing               Defense                  Defense                  
   Tomas Plekanec           Mats Zuccarello          J.T. Miller              Nick Schultz             Alec Martinez            

Last Minutes Defensive
   Center                   Left Wing                Right Wing               Defense                  Defense                  
   Kyle Brodziak            Mats Zuccarello          J.T. Miller              Jay Bouwmeester          Adam McQuaid             

Goaltenders
Starting : Pekka Rinne              
Backup : Carter Hutton            

Extra Forwards
Normal : Taylor Hall, Josh Jooris, Devante Smith-Pelly - PP : Taylor Hall, Josh Jooris - PK : Devante Smith-Pelly
Extra Defensemen
Normal : Nick Schultz, Matt Greene, Brian Campbell - PP : Nick Schultz - PK : Matt Greene, Brian Campbell
Penalty Shots
Taylor Hall, Mats Zuccarello, J.T. Miller, Tomas Plekanec, Andrew Ladd
Custom OT Lines Forwards
Taylor Hall, Mats Zuccarello, Tomas Plekanec, J.T. Miller, Andrew Ladd, Martin Hanzal, Jannik Hansen, Josh Jooris, Devante Smith-Pelly, Matt Moulson
Custom OT Lines Defensemen
Alec Martinez, Nick Schultz, Brian Campbell, Adam McQuaid, Jay Bouwmeester

Scratches
Ryan White (Healthy), Nathan Beaulieu (Healthy), Corey Tropp (Healthy)

% Time on Ice - Kings

Lines # - Real PCT - Wanted PCT - Time Play
Normal Forward
1 - 34% - 36% - 17:17
2 - 32% - 33% - 16:38
3 - 21% - 23% - 10:44
4 - 13% - 8% - 6:36
Normal Defense
1 - 37% - 38% - 19:01
2 - 33% - 33% - 16:50
3 - 29% - 29% - 14:45
4 - 1% - 0% - 0:39
PP Forward
1 - 0% - 55%
2 - 0% - 45%
PP Defense
1 - 0% - 55%
2 - 0% - 45%
PK Forward
1 - 78% - 60% - 6:50
2 - 22% - 40% - 1:55
PK Defense
1 - 54% - 60% - 4:44
2 - 46% - 40% - 4:01
PK3 Forward
1 - 0% - 60%
2 - 0% - 40%
PK3 Defense
1 - 0% - 60%
2 - 0% - 40%
44 Forward
1 - 0% - 55%
2 - 0% - 45%
44 Defense
1 - 0% - 55%
2 - 0% - 45%
Last Minute Offensive  - 0:00
Last Minute Defensive  - 0:00
Total
Forward - 60:00
Defense - 60:00

% Time on Ice - Panthers

Lines # - Real PCT - Wanted PCT - Time Play
Normal Forward
1 - 33% - 35% - 17:03
2 - 26% - 28% - 13:19
3 - 25% - 27% - 12:47
4 - 16% - 10% - 8:06
Normal Defense
1 - 33% - 35% - 17:06
2 - 31% - 30% - 15:39
3 - 27% - 20% - 13:49
4 - 9% - 15% - 4:41
PP Forward
1 - 54% - 60% - 4:41
2 - 46% - 40% - 4:04
PP Defense
1 - 61% - 60% - 5:21
2 - 39% - 40% - 3:24
PK Forward
1 - 0% - 60%
2 - 0% - 40%
PK Defense
1 - 0% - 60%
2 - 0% - 40%
PK3 Forward
1 - 0% - 60%
2 - 0% - 40%
PK3 Defense
1 - 0% - 60%
2 - 0% - 40%
44 Forward
1 - 0% - 60%
2 - 0% - 40%
44 Defense
1 - 0% - 60%
2 - 0% - 40%
Last Minute Offensive  - 0:00
Last Minute Defensive  - 0:00
Total
Forward - 60:00
Defense - 60:00

Play by Play

1st period


0:01 of 1st period - Anze Kopitar wins face-off versus Martin Hanzal in neutral zone.
0:16 of 1st period - Snap shot by Taylor Hall.
0:16 of 1st period - Stopped by Ryan Miller with a rebound.
1:13 of 1st period - Matt Greene is hit by Luke Schenn and loses puck.
2:46 of 1st period - Snap shot by Matt Moulson.
2:46 of 1st period - Shot Blocked by William Karlsson.
3:32 of 1st period - Alec Martinez is hit by Luke Schenn and loses puck.
4:45 of 1st period - Snap shot by Taylor Hall.
4:45 of 1st period - Shot Blocked by Justin Schultz.
5:18 of 1st period - Kyle Brodziak is hit by Anze Kopitar and loses puck.
5:27 of 1st period - Snap shot by Anze Kopitar.
5:27 of 1st period - Stopped by Pekka Rinne without a rebound.
5:28 of 1st period - Mathieu Perreault wins face-off versus Mats Zuccarello in Panthers zone.
6:00 of 1st period - Wrist shot by Anze Kopitar.
6:00 of 1st period - Stopped by Pekka Rinne with a rebound.
6:29 of 1st period - Tomas Plekanec is hit by Luke Schenn and loses puck.
6:46 of 1st period - Snap shot by Mathieu Perreault.
6:46 of 1st period - Stopped by Pekka Rinne with a rebound.
6:48 of 1st period - Slapshot by Danny DeKeyser.
6:48 of 1st period - Deflect By Matt Greene.
6:48 of 1st period - Stopped by Pekka Rinne with a rebound.
6:50 of 1st period - Slapshot by Danny DeKeyser.
6:50 of 1st period - Shot Misses the Net.
6:52 of 1st period - Slapshot by Danny DeKeyser.
6:52 of 1st period - Shot Blocked by Matt Greene.
7:11 of 1st period - Wrist shot by William Karlsson.
7:11 of 1st period - Shot Blocked by Alec Martinez.
7:25 of 1st period - Luke Schenn is hit by Matt Moulson and loses puck.
7:30 of 1st period - Wrist shot by Matt Moulson.
7:30 of 1st period - Shot Blocked by Luke Schenn.
7:32 of 1st period - Slapshot by Alec Martinez.
7:32 of 1st period - Deflect By Matt Moulson.
7:32 of 1st period - Deflect By Alex Ovechkin.
7:32 of 1st period - Stopped by Ryan Miller with a rebound.
7:42 of 1st period - J.T. Miller is hit by Tomas Hertl and loses puck.
7:51 of 1st period - Wrist shot by Tomas Hertl.
7:51 of 1st period - Stopped by Pekka Rinne without a rebound.
7:52 of 1st period - Ryan Kesler wins face-off versus Mats Zuccarello in Panthers zone.
8:26 of 1st period - Wrist shot by Alex Ovechkin.
8:26 of 1st period - Stopped by Pekka Rinne with a rebound.
8:28 of 1st period - Slapshot by Cam Fowler.
8:28 of 1st period - Stopped by Pekka Rinne without a rebound.
8:29 of 1st period - Tomas Plekanec wins face-off versus Tomas Hertl in Panthers zone.
8:44 of 1st period - Wrist shot by Andrew Ladd.
8:44 of 1st period - Stopped by Ryan Miller without a rebound.
8:45 of 1st period - Anze Kopitar wins face-off versus Martin Hanzal in Kings zone.
9:12 of 1st period - Kyle Brodziak is hit by Ryan Kesler and loses puck.
9:32 of 1st period - Off-side.
9:33 of 1st period - Tomas Plekanec wins face-off versus Tomas Hertl in neutral zone.
9:36 of 1st period - Snap shot by Andrew Ladd.
9:36 of 1st period - Stopped by Ryan Miller without a rebound.
9:37 of 1st period - Tomas Plekanec wins face-off versus Anze Kopitar in Kings zone.
9:50 of 1st period - Snap shot by Andrew Ladd.
9:50 of 1st period - Stopped by Ryan Miller without a rebound.
9:51 of 1st period - Martin Hanzal wins face-off versus Artem Anisimov in Kings zone.
10:08 of 1st period - Snap shot by Mats Zuccarello.
10:08 of 1st period - Shot Misses the Net.
10:29 of 1st period - Snap shot by Ales Hemsky.
10:29 of 1st period - Shot Misses the Net.
10:55 of 1st period - Wrist shot by J.T. Miller.
10:55 of 1st period - Shot Blocked by Magnus Paajarvi.
12:02 of 1st period - Cam Fowler is hit by Adam McQuaid and loses puck.
12:56 of 1st period - Mathieu Perreault is hit by Kyle Brodziak and loses puck.
13:43 of 1st period - Wrist shot by J.T. Miller.
13:43 of 1st period - Goal by J.T. Miller - Kings : 0 - Panthers : 1.
13:44 of 1st period - Martin Hanzal wins face-off versus Anze Kopitar in neutral zone.
14:34 of 1st period - Backhand shot by Ales Hemsky.
14:34 of 1st period - Stopped by Ryan Miller with a rebound.
14:36 of 1st period - Slapshot by Alec Martinez.
14:36 of 1st period - Shot Blocked by Tomas Hertl.
14:38 of 1st period - Snap shot by Alec Martinez.
14:38 of 1st period - Stopped by Ryan Miller without a rebound.
14:39 of 1st period - Anze Kopitar wins face-off versus Martin Hanzal in Kings zone.
14:39 of 1st period - Anze Kopitar is hit by Matt Greene.
14:49 of 1st period - Snap shot by Alex Ovechkin.
14:49 of 1st period - Stopped by Pekka Rinne with a rebound.
15:05 of 1st period - Wrist shot by Mathieu Perreault.
15:05 of 1st period - Stopped by Pekka Rinne with a rebound.
15:07 of 1st period - Slapshot by Ryan Kesler.
15:07 of 1st period - Shot Misses the Net.
15:11 of 1st period - Snap shot by Artem Anisimov.
15:11 of 1st period - Shot Misses the Net.
15:39 of 1st period - Brian Dumoulin is hit by Tomas Plekanec and loses puck.
16:21 of 1st period - Wrist shot by Matt Moulson.
16:21 of 1st period - Stopped by Ryan Miller with a rebound.
16:33 of 1st period - Wrist shot by Mathieu Perreault.
16:33 of 1st period - Stopped by Pekka Rinne without a rebound.
16:34 of 1st period - Ryan Kesler wins face-off versus Martin Hanzal in Panthers zone.
16:45 of 1st period - Snap shot by Ryan Kesler.
16:45 of 1st period - Stopped by Pekka Rinne with a rebound.
17:21 of 1st period - Slapshot by Taylor Hall.
17:21 of 1st period - Shot Misses the Net.
17:23 of 1st period - Wrist shot by Mats Zuccarello.
17:23 of 1st period - Goal by Mats Zuccarello - Kings : 0 - Panthers : 2.
17:24 of 1st period - Anze Kopitar wins face-off versus Tomas Plekanec in neutral zone.
17:27 of 1st period - Matt Greene is hit by Thomas Vanek.
17:32 of 1st period - Icing by Cam Fowler.
17:33 of 1st period - Tomas Plekanec wins face-off versus Alex Ovechkin in Kings zone.
17:58 of 1st period - Snap shot by J.T. Miller.
17:58 of 1st period - Stopped by Ryan Miller without a rebound.
17:59 of 1st period - Kyle Brodziak wins face-off versus Tomas Hertl in Kings zone.
18:11 of 1st period - Icing by Jason Zucker.
18:12 of 1st period - Tomas Hertl wins face-off versus Martin Hanzal in Kings zone.
18:12 of 1st period - Tomas Hertl is hit by Martin Hanzal.
18:32 of 1st period - Slapshot by Jason Zucker.
18:32 of 1st period - Stopped by Pekka Rinne with a rebound.
18:34 of 1st period - Snap shot by Justin Schultz.
18:34 of 1st period - Stopped by Pekka Rinne with a rebound.
18:40 of 1st period - Snap shot by Tomas Hertl.
18:40 of 1st period - Shot Misses the Net.
18:42 of 1st period - Slapshot by Luke Schenn.
18:42 of 1st period - Shot Misses the Net.
18:44 of 1st period - Slapshot by Luke Schenn.
18:44 of 1st period - Deflect By Tomas Hertl.
18:44 of 1st period - Shot Blocked by Matt Greene.
18:44 of 1st period - Puck is out of play.
18:45 of 1st period - Kyle Brodziak wins face-off versus Anze Kopitar in Panthers zone.
18:54 of 1st period - Wrist shot by Thomas Vanek.
18:54 of 1st period - Shot Blocked by Matt Moulson.
18:56 of 1st period - Slapshot by Anze Kopitar.
18:56 of 1st period - Deflect By Thomas Vanek.
18:56 of 1st period - Shot Misses the Net.
18:56 of 1st period - Puck is out of play.
18:57 of 1st period - Ryan Kesler wins face-off versus Tomas Plekanec in Panthers zone.
19:06 of 1st period - Wrist shot by Tomas Plekanec.
19:06 of 1st period - Shot Blocked by Danny DeKeyser.
19:08 of 1st period - Snap shot by Alec Martinez.
19:08 of 1st period - Shot Blocked by Cam Fowler.
19:10 of 1st period - Wrist shot by Tomas Plekanec.
19:10 of 1st period - Stopped by Ryan Miller without a rebound.
19:11 of 1st period - Anze Kopitar wins face-off versus Kyle Brodziak in Kings zone.
19:37 of 1st period - Artem Anisimov is hit by Alec Martinez and loses puck.
19:54 of 1st period - Minor Penalty to Ryan Kesler for Interference.
19:55 of 1st period - Tomas Hertl wins face-off versus J.T. Miller in Kings zone.
Goals for this period are 0 for Kings vs 2 for Panthers.
Shots for this period are 13 for Kings vs 12 for Panthers.

2nd period


0:01 of 2nd period - J.T. Miller wins face-off versus Tomas Hertl in neutral zone.
0:32 of 2nd period - Icing by Tomas Plekanec.
0:33 of 2nd period - Tomas Plekanec wins face-off versus Tomas Hertl in Panthers zone.
0:40 of 2nd period - Snap shot by Ales Hemsky.
0:40 of 2nd period - Shot Misses the Net.
0:42 of 2nd period - Wrist shot by Ales Hemsky.
0:42 of 2nd period - Stopped by Ryan Miller with a rebound.
1:08 of 2nd period - Snap shot by Andrew Ladd.
1:08 of 2nd period - Stopped by Ryan Miller without a rebound.
1:09 of 2nd period - J.T. Miller wins face-off versus William Karlsson in Kings zone.
1:10 of 2nd period - Slapshot by Taylor Hall.
1:10 of 2nd period - Shot Misses the Net.
1:34 of 2nd period - Tomas Hertl is hit by Adam McQuaid and loses puck.
1:54 of 2nd period - Penalty to Ryan Kesler is over, Ryan Kesler is back on ice.
2:44 of 2nd period - Danny DeKeyser is hit by Mats Zuccarello.
4:01 of 2nd period - Adam McQuaid is hit by Artem Anisimov and loses puck.
4:18 of 2nd period - Adam McQuaid is hit by Danny DeKeyser and loses puck.
4:45 of 2nd period - Slapshot by Tomas Hertl.
4:45 of 2nd period - Shot Misses the Net.
4:47 of 2nd period - Slapshot by Brian Dumoulin.
4:47 of 2nd period - Stopped by Pekka Rinne without a rebound.
4:48 of 2nd period - Tomas Hertl wins face-off versus Andrew Ladd in Panthers zone.
4:59 of 2nd period - Snap shot by Oliver Bjorkstrand.
4:59 of 2nd period - Stopped by Pekka Rinne without a rebound.
5:00 of 2nd period - Martin Hanzal wins face-off versus Anze Kopitar in Panthers zone.
5:09 of 2nd period - Snap shot by Thomas Vanek.
5:09 of 2nd period - Shot Misses the Net.
5:57 of 2nd period - Snap shot by Oliver Bjorkstrand.
5:57 of 2nd period - Shot Misses the Net.
5:59 of 2nd period - Slapshot by Justin Schultz.
5:59 of 2nd period - Shot Blocked by Nick Schultz.
7:20 of 2nd period - Slapshot by Matt Moulson.
7:20 of 2nd period - Shot Blocked by Jason Zucker.
7:26 of 2nd period - Minor Penalty to Michael Del Zotto for Charging.
7:27 of 2nd period - J.T. Miller wins face-off versus Tomas Hertl in Kings zone.
7:28 of 2nd period - Wrist shot by Taylor Hall.
7:28 of 2nd period - Shot Misses the Net.
7:30 of 2nd period - Wrist shot by J.T. Miller.
7:30 of 2nd period - Stopped by Ryan Miller with a rebound.
7:59 of 2nd period - Snap shot by Tomas Plekanec.
7:59 of 2nd period - Shot Misses the Net.
8:01 of 2nd period - Slapshot by Alec Martinez.
8:01 of 2nd period - Goal by Alec Martinez - Kings : 0 - Panthers : 3.
8:02 of 2nd period - Martin Hanzal wins face-off versus Anze Kopitar in neutral zone.
8:26 of 2nd period - Icing by Danny DeKeyser.
8:27 of 2nd period - Ryan Kesler wins face-off versus Tomas Plekanec in Kings zone.
8:38 of 2nd period - Snap shot by Ryan Kesler.
8:38 of 2nd period - Shot Blocked by Jay Bouwmeester.
8:56 of 2nd period - Slapshot by Alex Ovechkin.
8:56 of 2nd period - Stopped by Pekka Rinne with a rebound.
9:28 of 2nd period - Slapshot by Mats Zuccarello.
9:28 of 2nd period - Stopped by Ryan Miller without a rebound.
9:29 of 2nd period - Anze Kopitar wins face-off versus Kyle Brodziak in Kings zone.
9:29 of 2nd period - Anze Kopitar is hit by Adam McQuaid.
10:00 of 2nd period - Andrew Ladd is hit by Mathieu Perreault.
10:06 of 2nd period - Snap shot by Tomas Plekanec.
10:06 of 2nd period - Stopped by Ryan Miller without a rebound.
10:07 of 2nd period - Mats Zuccarello wins face-off versus Anze Kopitar in Kings zone.
10:14 of 2nd period - Snap shot by Mats Zuccarello.
10:14 of 2nd period - Deflect By Anze Kopitar.
10:14 of 2nd period - Stopped by Ryan Miller without a rebound.
10:15 of 2nd period - Martin Hanzal wins face-off versus Anze Kopitar in Kings zone.
10:44 of 2nd period - Snap shot by Mats Zuccarello.
10:44 of 2nd period - Deflect By Anze Kopitar.
10:44 of 2nd period - Stopped by Ryan Miller without a rebound.
10:45 of 2nd period - Ryan Kesler wins face-off versus Kyle Brodziak in Kings zone.
10:52 of 2nd period - Wrist shot by Ryan Kesler.
10:52 of 2nd period - Shot Misses the Net.
11:02 of 2nd period - Slapshot by Mathieu Perreault.
11:02 of 2nd period - Stopped by Pekka Rinne without a rebound.
11:03 of 2nd period - Tomas Plekanec wins face-off versus Anze Kopitar in Panthers zone.
11:03 of 2nd period - Tomas Plekanec is hit by Brian Dumoulin.
11:09 of 2nd period - Tomas Plekanec is hit by Michael Del Zotto and loses puck.
11:49 of 2nd period - Snap shot by Mats Zuccarello.
11:49 of 2nd period - Goal by Mats Zuccarello - Kings : 0 - Panthers : 4.
11:50 of 2nd period - Tomas Plekanec wins face-off versus Anze Kopitar in neutral zone.
11:50 of 2nd period - Tomas Plekanec is hit by Alex Ovechkin.
12:22 of 2nd period - Wrist shot by Mats Zuccarello.
12:22 of 2nd period - Shot Misses the Net.
12:32 of 2nd period - Minor Penalty to Ryan Kesler for Hooking.
12:33 of 2nd period - Tomas Hertl wins face-off versus J.T. Miller in Kings zone.
12:52 of 2nd period - Jason Zucker is hit by Jay Bouwmeester and loses puck.
13:30 of 2nd period - Icing by Mats Zuccarello.
13:31 of 2nd period - Magnus Paajarvi wins face-off versus J.T. Miller in Panthers zone.
14:32 of 2nd period - Penalty to Ryan Kesler is over, Ryan Kesler is back on ice.
14:41 of 2nd period - Slapshot by Alec Martinez.
14:41 of 2nd period - Deflect By Devante Smith-Pelly.
14:41 of 2nd period - Stopped by Ryan Miller with a rebound.
14:45 of 2nd period - Wrist shot by Jannik Hansen.
14:45 of 2nd period - Shot Misses the Net.
14:47 of 2nd period - Snap shot by Alec Martinez.
14:47 of 2nd period - Shot Misses the Net.
14:57 of 2nd period - Thomas Vanek is hit by Adam McQuaid and loses puck.
15:39 of 2nd period - Slapshot by Tomas Plekanec.
15:39 of 2nd period - Stopped by Ryan Miller without a rebound.
15:40 of 2nd period - Tomas Hertl wins face-off versus Tomas Plekanec in Kings zone.
16:01 of 2nd period - Snap shot by Tomas Plekanec.
16:01 of 2nd period - Shot Misses the Net.
16:03 of 2nd period - Slapshot by Matt Greene.
16:03 of 2nd period - Shot Blocked by Jason Zucker.
16:07 of 2nd period - Snap shot by J.T. Miller.
16:07 of 2nd period - Deflect By Tomas Hertl.
16:07 of 2nd period - Stopped by Ryan Miller with a rebound.
16:35 of 2nd period - Snap shot by Oliver Bjorkstrand.
16:35 of 2nd period - Stopped by Pekka Rinne with a rebound.
16:37 of 2nd period - Slapshot by Tomas Hertl.
16:37 of 2nd period - Shot Misses the Net.
16:39 of 2nd period - Slapshot by Justin Schultz.
16:39 of 2nd period - Stopped by Pekka Rinne without a rebound.
16:40 of 2nd period - Martin Hanzal wins face-off versus Anze Kopitar in Panthers zone.
16:57 of 2nd period - Danny DeKeyser is hit by Matt Greene and loses puck.
17:31 of 2nd period - Matt Greene is hit by Magnus Paajarvi and loses puck.
18:07 of 2nd period - Snap shot by Artem Anisimov.
18:07 of 2nd period - Deflect By Mathieu Perreault.
18:07 of 2nd period - Shot Blocked by Jay Bouwmeester.
18:07 of 2nd period - Puck is out of play.
18:08 of 2nd period - Tomas Plekanec wins face-off versus Ryan Kesler in Panthers zone.
18:08 of 2nd period - Tomas Plekanec is hit by Mathieu Perreault.
18:32 of 2nd period - Snap shot by Mathieu Perreault.
18:32 of 2nd period - Stopped by Pekka Rinne without a rebound.
18:33 of 2nd period - Anze Kopitar wins face-off versus Martin Hanzal in Panthers zone.
19:00 of 2nd period - Brian Dumoulin is hit by Kyle Brodziak and loses puck.
19:09 of 2nd period - Wrist shot by Matt Moulson.
19:09 of 2nd period - Shot Misses the Net.
19:20 of 2nd period - Off-side.
19:21 of 2nd period - Anze Kopitar wins face-off versus Josh Jooris in neutral zone.
19:46 of 2nd period - Artem Anisimov is hit by Alec Martinez and loses puck.
Goals for this period are 0 for Kings vs 2 for Panthers.
Shots for this period are 7 for Kings vs 12 for Panthers.

3rd period


0:01 of 3rd period - Anze Kopitar wins face-off versus Kyle Brodziak in neutral zone.
0:16 of 3rd period - Snap shot by Matt Moulson.
0:16 of 3rd period - Shot Blocked by Justin Schultz.
0:47 of 3rd period - Tomas Plekanec is hit by Tomas Hertl and loses puck.
1:06 of 3rd period - Backhand shot by Tomas Hertl.
1:06 of 3rd period - Shot Blocked by Nick Schultz.
1:08 of 3rd period - Slapshot by Luke Schenn.
1:08 of 3rd period - Stopped by Pekka Rinne with a rebound.
1:10 of 3rd period - Snap shot by Jon Merrill.
1:10 of 3rd period - Stopped by Pekka Rinne without a rebound.
1:11 of 3rd period - William Karlsson wins face-off versus Kyle Brodziak in Panthers zone.
1:37 of 3rd period - Minor Penalty to Cam Fowler for High sticking.
1:38 of 3rd period - Tomas Hertl wins face-off versus J.T. Miller in Kings zone.
3:37 of 3rd period - Penalty to Cam Fowler is over, Cam Fowler is back on ice.
3:39 of 3rd period - Michael Del Zotto is hit by Josh Jooris and loses puck.
4:28 of 3rd period - Nick Schultz is hit by Tomas Hertl and loses puck.
5:39 of 3rd period - Wrist shot by Oliver Bjorkstrand.
5:39 of 3rd period - Stopped by Pekka Rinne without a rebound.
5:40 of 3rd period - Tomas Hertl wins face-off versus Kyle Brodziak in Panthers zone.
5:49 of 3rd period - Slapshot by Ales Hemsky.
5:49 of 3rd period - Shot Misses the Net.
6:05 of 3rd period - Mathieu Perreault is hit by Andrew Ladd and loses puck.
6:50 of 3rd period - Slapshot by Taylor Hall.
6:50 of 3rd period - Shot Misses the Net.
7:24 of 3rd period - Wrist shot by Ryan Kesler.
7:24 of 3rd period - Stopped by Pekka Rinne without a rebound.
7:25 of 3rd period - Anze Kopitar wins face-off versus Martin Hanzal in Panthers zone.
7:48 of 3rd period - Minor Penalty to Ryan Kesler for Boarding.
7:49 of 3rd period - J.T. Miller wins face-off versus Tomas Hertl in Kings zone.
8:06 of 3rd period - Wrist shot by Mats Zuccarello.
8:06 of 3rd period - Shot Misses the Net.
8:22 of 3rd period - Tomas Plekanec is hit by Tomas Hertl and loses puck.
9:34 of 3rd period - Michael Del Zotto is hit by Andrew Ladd and loses puck.
9:48 of 3rd period - Penalty to Ryan Kesler is over, Ryan Kesler is back on ice.
11:26 of 3rd period - Artem Anisimov is hit by Brian Campbell and loses puck.
12:47 of 3rd period - Jannik Hansen is hit by Michael Del Zotto and loses puck.
13:57 of 3rd period - Luke Schenn is hit by Martin Hanzal and loses puck.
14:28 of 3rd period - Devante Smith-Pelly is hit by Ryan Kesler and loses puck.
14:41 of 3rd period - Snap shot by Ales Hemsky.
14:41 of 3rd period - Stopped by Ryan Miller without a rebound.
14:42 of 3rd period - Tomas Hertl wins face-off versus Kyle Brodziak in Kings zone.
15:29 of 3rd period - Off-side.
15:30 of 3rd period - William Karlsson wins face-off versus Tomas Plekanec in neutral zone.
15:33 of 3rd period - Wrist shot by William Karlsson.
15:33 of 3rd period - Stopped by Pekka Rinne with a rebound.
16:02 of 3rd period - Alex Ovechkin is hit by Matt Greene and loses puck.
16:17 of 3rd period - Slapshot by Justin Schultz.
16:17 of 3rd period - Shot Hit the Post.
16:23 of 3rd period - Snap shot by Matt Moulson.
16:23 of 3rd period - Shot Blocked by Luke Schenn.
16:25 of 3rd period - Wrist shot by Matt Moulson.
16:25 of 3rd period - Deflect By Mathieu Perreault.
16:25 of 3rd period - Shot Misses the Net.
16:25 of 3rd period - Puck is out of play.
16:26 of 3rd period - Martin Hanzal wins face-off versus Anze Kopitar in Kings zone.
16:27 of 3rd period - Snap shot by Taylor Hall.
16:27 of 3rd period - Stopped by Ryan Miller with a rebound.
16:39 of 3rd period - Wrist shot by Martin Hanzal.
16:39 of 3rd period - Stopped by Ryan Miller without a rebound.
16:40 of 3rd period - Martin Hanzal wins face-off versus Anze Kopitar in Kings zone.
16:51 of 3rd period - Wrist shot by Mats Zuccarello.
16:51 of 3rd period - Deflect By Anze Kopitar.
16:51 of 3rd period - Stopped by Ryan Miller without a rebound.
16:52 of 3rd period - Martin Hanzal wins face-off versus Alex Ovechkin in Kings zone.
17:26 of 3rd period - Wrist shot by Tomas Plekanec.
17:26 of 3rd period - Stopped by Ryan Miller without a rebound.
17:27 of 3rd period - Martin Hanzal wins face-off versus Anze Kopitar in Kings zone.
17:30 of 3rd period - Wrist shot by Taylor Hall.
17:30 of 3rd period - Shot Misses the Net.
17:32 of 3rd period - Minor Penalty to Anze Kopitar for Roughing.
17:33 of 3rd period - Tomas Hertl wins face-off versus J.T. Miller in Kings zone.
17:42 of 3rd period - Snap shot by Taylor Hall.
17:42 of 3rd period - Shot Misses the Net.
17:44 of 3rd period - Snap shot by Mats Zuccarello.
17:44 of 3rd period - Shot Misses the Net.
17:46 of 3rd period - Snap shot by J.T. Miller.
17:46 of 3rd period - Deflect By Mats Zuccarello.
17:46 of 3rd period - Goal by Mats Zuccarello - Kings : 0 - Panthers : 5.
17:47 of 3rd period - Thomas Vanek wins face-off versus Martin Hanzal in neutral zone.
17:50 of 3rd period - Slapshot by Anze Kopitar.
17:50 of 3rd period - Deflect By Mats Zuccarello.
17:50 of 3rd period - Stopped by Pekka Rinne with a rebound.
17:58 of 3rd period - Backhand shot by Martin Hanzal.
17:58 of 3rd period - Shot Blocked by Anze Kopitar.
18:00 of 3rd period - Slapshot by Alec Martinez.
18:00 of 3rd period - Stopped by Ryan Miller with a rebound.
18:02 of 3rd period - Slapshot by Alec Martinez.
18:02 of 3rd period - Shot Blocked by Michael Del Zotto.
18:14 of 3rd period - Tomas Plekanec is hit by Brian Dumoulin and loses puck.
18:24 of 3rd period - Wrist shot by Danny DeKeyser.
18:24 of 3rd period - Stopped by Pekka Rinne with a rebound.
18:26 of 3rd period - Snap shot by Artem Anisimov.
18:26 of 3rd period - Shot Misses the Net.
18:46 of 3rd period - Wrist shot by Matt Moulson.
18:46 of 3rd period - Deflect By Ales Hemsky.
18:46 of 3rd period - Shot Misses the Net.
18:46 of 3rd period - Puck is out of play.
18:47 of 3rd period - Anze Kopitar wins face-off versus Mats Zuccarello in Kings zone.
18:54 of 3rd period - Snap shot by Thomas Vanek.
18:54 of 3rd period - Stopped by Pekka Rinne with a rebound.
Goals for this period are 0 for Kings vs 1 for Panthers.
Shots for this period are 8 for Kings vs 7 for Panthers.